 Dungeon Crawl Stone Soup version 0.21.0 (webtiles) character file.

9553 Rrauwl the Carver (level 11, -5/77 HPs)
             Began as a Formicid Artificer on Jan 7, 2018.
             Was a Priest of Ru.
             Slain by a water elemental (11 damage)
             ... summoned by the player character
             ... on level 10 of the Dungeon.
             The game lasted 00:51:52 (7585 turns).

Rrauwl the Carver (Formicid Artificer)              Turns: 7585, Time: 00:51:53

Health: -5/77      AC: 11    Str: 25    XL:     11   Next: 76%
Magic:  0/11       EV: 12    Int: 11    God:    Ru [***...]
Gold:   633        SH:  0    Dex: 12    Spells: 10/10 levels left

rFire    . . .     SeeInvis +   a - +0 falchion
rCold    . . .     Gourm    .   (no shield)
rNeg     . . .     Faith    .   z - +1 scale mail "Ceicaf" {MR+ rCorr Str+6 Stlth+}
rPois    +         Spirit   +   (helmet unavailable)
rElec    .         Reflect  .   r - scarf {Spirit}
rCorr    +         Harm     +   n - +1 pair of gloves
MR       +++..                  (no boots)
Stlth    +.........             x - amulet of harm (curse)
HPRegen  0.62/turn              w - ring of poison resistance
MPRegen  0.12/turn              g - ring of protection from magic

@: exhausted, drained, very slow
A: permanent stasis, dig shafts and tunnels, four strong arms, antennae 3, frail
1, low mp 2, regeneration 1, hated by all
a: Dig, Shaft Self, Draw Out Power, Renounce Religion


You were on level 10 of the Dungeon.
You worshipped Ru.
Ru was most pleased with you.
You were not hungry.

You visited 2 branches of the dungeon, and saw 11 of its levels.

You collected 633 gold pieces.

Inventory:

Hand Weapons
 a - a +0 falchion (weapon)
Armour
 n - a +1 pair of gloves (worn)
 r - a scarf of spirit shield (worn)
 z - the +1 scale mail "Ceicaf" (worn) {MR+ rCorr Str+6 Stlth+}
   (You found it on level 8 of the Dungeon)

   It affects your strength (+6).
   It affects your resistance to hostile enchantments.
   It protects you from acid and corrosion.
   It makes you more stealthy.
Jewellery
 g - a ring of protection from magic (right hand)
 q - a +3 ring of intelligence
 t - an uncursed amulet of faith
 w - a ring of poison resistance (left hand)
 x - a cursed amulet of harm (around neck)
Scrolls
 e - a scroll of fog
 i - 6 scrolls of identify
 l - 2 scrolls of immolation
 p - 2 scrolls of enchant weapon
 s - 2 scrolls of remove curse
 v - 5 scrolls of amnesia
 y - 2 scrolls of magic mapping
Potions
 j - 4 potions of curing
 u - 3 potions of mutation
 A - a potion of cancellation
Books
 b - a book of Necromancy

   Spells                             Type                      Level
   a - Pain                           Necromancy                   1
   b - Animate Skeleton               Necromancy                   1
   c - Vampiric Draining              Necromancy                   3
   d - Regeneration                   Charms/Necromancy            3
   e - Animate Dead                   Necromancy                   4
   f - Borgnjor's Vile Clutch         Necromancy/Earth             5
Miscellaneous
 d - a phial of floods (inert)
Comestibles
 c - 4 chunks of flesh
 f - 18 rations


   Skills:
 - Level 8.1(7.7) Fighting
   Level 1.0(7.8) Short Blades
 + Level 12.5(12.1) Long Blades
 + Level 8.9(8.4) Armour
 - Level 4.0(3.7) Dodging
 - Level 3.0(2.6) Stealth
 - Level 4.0(3.6) Evocations


You had 10 spell levels left.
You didn't know any spells.

Dungeon Overview and Level Annotations

Branches:
Dungeon (10/15)            Temple (1/1) D:5
   Lair: D:8-11         Orc: D:9-12

Altars:
Ashenzari
Cheibriados
Dithmenos
Elyvilon
Fedhas
Gozag
Hepliaklqana
Kikubaaqudgha
Makhleb
Nemelex Xobeh
Okawaru
Qazlal
Ru
Sif Muna
Trog
Uskayaw
Vehumet
Wu Jian
Xom
Yredelemnul
Zin
The Shining One


Innate Abilities, Weirdness & Mutations

You cannot be hasted, slowed, berserked, paralysed or teleported.
You can dig through walls and to a lower floor.
Your four strong arms can wield two-handed weapons with a shield.
You have a pair of large antennae on your head. (SInv)
You are frail. (-10% HP)
You are hated by all.
Your magical capacity is very low. (-20% MP)
Your natural rate of healing is unusually fast.


Message History

The troll closely misses you.
Evoke which item? (* to show all) (? for menu, Esc to quit)
Aim the phial where?
Press: ? - help, Shift-Dir - straight line, f - troll
Aim: a troll (almost dead, blind)
The torrent of water hits the troll.
You kill the troll!
The troll leather armour is intact enough to wear.
The wave splashes down.
Splash!
You fall into the shallow water.
Moving in this stuff is going to be slow.
The water rises up and takes form.
You hear a shout! x2
The water elemental closely misses you.
You riposte.
You slash the water elemental!
The water elemental is moderately damaged.
Your unstable footing causes you to fumble your attack.
The water elemental hits you!
You die...

######+####
#≈@<......#
#≈E≈......+
#≈≈≈......#
+≈........#
{{
#.........#
#######+###


You could see a water elemental.

Vanquished Creatures
  4 two-headed ogres
  A centaur warrior (D:9)
  Pikel (D:7)
  2 trolls
  A hornet (D:8)
  Grinder (D:4)
  Prince Ribbit (D:7)
  A hippogriff (D:9)
  A wraith (D:8)
  A yak (D:9)
  2 wyverns (D:9)
  3 hungry ghosts (D:7)
  An orc warrior (D:8)
  2 soldier ants (D:8)
  Duvessa (D:7)
  A black bear (D:8)
  A phantom (D:6)
  A sky beast (D:7)
  2 slaves (D:7)
  7 ogres
  3 centaurs
  3 big kobolds
  6 bullfrogs
  A wyvern zombie (D:8)
  Dowan (D:7)
  A wyvern skeleton (D:8)
  A water moccasin skeleton (D:6)
  A howler monkey (D:4)
  6 crimson imps
  A bullfrog zombie (D:9)
  2 centaur zombies
  A quasit (D:5)
  3 jellies
  3 orc priests
  2 bullfrog skeletons
  A centaur skeleton (D:5)
  4 hounds
  A gnoll shaman (D:6)
  6 orc wizards
  Ijyb (D:3)
  An iguana (D:5)
  5 worker ants
  A killer bee zombie (D:8)
  A worker ant zombie (D:8)
  Robin (D:3)
  6 gnolls
  10 adders
  4 shadow imps
  An ooze (D:7)
  An adder zombie (D:6)
  An adder skeleton (D:5)
  2 worms
  A dart slug (D:2)
  5 leopard geckos
  23 orcs
  8 bats
  13 giant cockroaches
  14 goblins
  11 hobgoblins
  21 jackals
  2 quokkas
  5 frilled lizards
  A giant cockroach zombie (D:6)
  A jackal skeleton (D:4)
  27 kobolds
  A quokka skeleton (D:8)
  A quokka zombie (D:9)
  8 rats
259 creatures vanquished.

Vanquished Creatures (collateral kills)
  A hungry ghost (D:6)
1 creature vanquished.

Grand Total: 260 creatures vanquished

Notes
Turn   | Place    | Note
-------+----------+-------------------------------------------
     0 | D:1      | Rrauwl the Formicid Artificer began the quest for the Orb.
     0 | D:1      | Reached XP level 1. HP: 15/15 MP: 3/3
   263 | D:1      | Reached XP level 2. HP: 18/21 MP: 4/4
   975 | D:2      | Reached XP level 3. HP: 19/27 MP: 5/5
  1174 | D:2      | Gained mutation: Your magical capacity is low. (-10% MP) [potion of mutation]
  1174 | D:2      | Gained mutation: Your magical capacity is very low. (-20% MP) [potion of mutation]
  1174 | D:2      | Gained mutation: Your natural rate of healing is unusually fast. [potion of mutation]
  1235 | D:2      | Reached XP level 4. HP: 31/33 MP: 5/5
  1518 | D:2      | Found a hide-covered altar of Uskayaw.
  1891 | D:3      | Reached XP level 5. HP: 39/39 MP: 6/6
  1910 | D:3      | Reached skill level 1 in Armour
  1980 | D:3      | Noticed Robin
  1997 | D:3      | Killed Robin
  2052 | D:3      | Noticed Ijyb
  2058 | D:3      | Killed Ijyb
  2269 | D:4      | Reached XP level 6. HP: 40/47 MP: 7/7
  2313 | D:4      | Noticed an ogre
  2323 | D:4      | Killed an ogre
  2344 | D:4      | Noticed Grinder
  2350 | D:4      | Killed Grinder
  2350 | D:4      | Reached XP level 7. HP: 53/55 MP: 8/8
  2491 | D:4      | Reached skill level 1 in Long Blades
  2586 | D:4      | Reached skill level 5 in Fighting
  2586 | D:4      | Reached XP level 8. HP: 24/62 MP: 8/8
  2668 | D:4      | Reached skill level 2 in Long Blades
  2904 | D:5      | Entered Level 5 of the Dungeon
  3091 | D:5      | Reached skill level 3 in Long Blades
  3091 | D:5      | Reached skill level 5 in Armour
  3147 | D:5      | Found a staircase to the Ecumenical Temple.
  3157 | Temple   | Entered the Ecumenical Temple
  3325 | Temple   | Became a worshipper of Ru the Awakened
  3424 | D:5      | Reached skill level 4 in Long Blades
  3797 | D:5      | Reached XP level 9. HP: 64/68 MP: 9/9
  4147 | D:6      | Reached skill level 5 in Long Blades
  4283 | D:6      | Found an iron altar of Okawaru.
  4422 | D:6      | Found a hazy altar of Hepliaklqana.
  4483 | D:6      | Reached skill level 6 in Long Blades
  4538 | D:6      | Gained mutation: You are frail. (-10% HP) [Ru sacrifice]
  4538 | D:6      | Reached * piety under Ru
  4538 | D:6      | Reached ** piety under Ru
  4892 | D:7      | Noticed Duvessa
  4892 | D:7      | Noticed Dowan
  4910 | D:7      | Killed Duvessa
  4919 | D:7      | Reached skill level 7 in Long Blades
  4932 | D:7      | Killed Dowan
  5001 | D:7      | Reached skill level 8 in Long Blades
  5023 | D:7      | Noticed Prince Ribbit
  5052 | D:7      | Killed Prince Ribbit
  5124 | D:7      | Reached XP level 10. HP: 66/66 MP: 10/10
  5155 | D:7      | Reached skill level 9 in Long Blades
  5400 | D:7      | Found a glowing golden altar of the Shining One.
  5400 | D:7      | Noticed Pikel
  5432 | D:7      | Killed Pikel
  5432 | D:7      | Reached skill level 10 in Long Blades
  5587 | D:8      | Found a shattered altar of Ashenzari.
  5587 | D:8      | Found a glowing golden altar of the Shining One.
  6073 | D:8      | Got a twisted scale mail
  6084 | D:8      | Identified the +1 scale mail "Ceicaf" {MR+ rCorr Str+6 Stlth+} (You found it on level 8 of the Dungeon)
  6168 | D:8      | Noticed a two-headed ogre
  6188 | D:8      | Killed a two-headed ogre
  6188 | D:8      | Reached skill level 11 in Long Blades
  6278 | D:8      | Reached XP level 11. HP: 75/75 MP: 11/11
  6420 | D:8      | Gained mutation: You are hated by all. [Ru sacrifice]
  6420 | D:8      | Reached *** piety under Ru
  6480 | D:8      | Noticed a two-headed ogre
  6751 | D:8      | Killed a two-headed ogre
  6757 | D:8      | Noticed a five-headed hydra
  6865 | D:9      | Noticed a two-headed ogre
  6889 | D:9      | Killed a two-headed ogre
  6889 | D:9      | Reached skill level 12 in Long Blades
  7066 | D:9      | Noticed a two-headed ogre
  7105 | D:9      | Killed a two-headed ogre
  7210 | D:9      | Found a glowing silver altar of Zin.
  7300 | D:9      | Noticed a centaur warrior
  7330 | D:9      | Killed a centaur warrior
  7555 | D:10     | Entered Level 10 of the Dungeon
  7585 | D:10     | Slain by a water elemental

Skill      XL: |  1  2  3  4  5  6  7  8  9 10 11 |
---------------+----------------------------------+-----
Dodging        | 2 3 4 |  4.0
Stealth        | 2 3 |  3.0
Fighting       | 2 3 4 5 7 8 |  8.1
Evocations     | 4 |  4.0
Armour         | 2 3 4 6 7 8 |  8.9
Long Blades    | 1 4 8 11 12 | 12.5
Short Blades   | |  1.0

Action                   |  1- 3 |  4- 6 |  7- 9 | 10-12 || total
-------------------------+-------+-------+-------+-------++-------
Melee: Short sword       |   150 |   203 |       |       ||   353
       War axe           |       |    42 |       |       ||    42
       Whip              |       |    32 |       |       ||    32
       Falchion          |       |       |   371 |   446 ||   817
Invok: Sacrifice Health  |       |       |     1 |       ||     1
       Draw Out Power    |       |       |       |     3 ||     3
       Sacrifice Love    |       |       |       |     1 ||     1
Evoke: Wand              |       |    12 |    74 |    15 ||   101
       Phial of floods   |       |       |       |     1 ||     1
  Use: Potion            |     3 |     2 |     2 |     7 ||    14
       Scroll            |       |     8 |     7 |     1 ||    16
 Stab: Confused          |       |       |       |     2 ||     2
       Paralysed         |       |       |       |    18 ||    18
       Invisible         |       |       |       |     7 ||     7
       Distracted        |       |       |       |     1 ||     1
       Sleeping          |       |       |       |     1 ||     1
  Eat: Chunk             |     1 |     5 |     9 |    17 ||    32
       Ration            |       |       |     1 |       ||     1
Armor: Leather armour    |    47 |    14 |       |       ||    61
       Chain mail        |       |   235 |   255 |    75 ||   565
       Scale mail        |       |       |       |    62 ||    62
       Skin              |       |       |       |    11 ||    11
Dodge: Dodged            |   110 |   185 |   196 |   147 ||   638
       Rpst.: Falchion   |       |       |    62 |    37 ||    99
